 Dungeon Crawl Stone Soup version 0.16.2-12-gd0ad4c3 (webtiles) character file.

133802 kroki the Fetichist (level 16, -9/86 HPs)
             Began as a Spriggan Berserker on Sept 25, 2015.
             Was the Champion of Trog.
             Shot with an arrow of frost by a deep elf master archer (32 damage)
             ... on level 3 of the Elven Halls on Sept 26, 2015.
             The game lasted 01:41:25 (47070 turns).

kroki the Fetichist (Spriggan Berserker)           Turns: 47070, Time: 01:41:25

Health: -9/86      AC: 32    Str: 18    XL:     16   Next: 60%
Magic:  15/15      EV: 25    Int: 21    God:    Trog [******]
Gold:   912        SH:  0    Dex: 19    Spells: 0 memorised, 15 levels left

rFire  + . .     SeeInvis +     Q - +9 war axe (antimagic)
rCold  + . .     Clarity  +     h - +9 shadow dragon armour "Uwiavale" {rC+ rN++ Str+2 Slay+3 Stlth++++, Stlth++++}
rNeg   + + .     SustAb   .     (shield restricted)
rPois  .         Gourm    .     C - +1 hat {Int+3}
rElec  +         Spirit   .     m - +2 cloak {+Inv}
rCorr  .         Warding  .     (gloves unavailable)
rMut   .         Stasis   .     (boots unavailable)
MR     ++...                    t - amulet of Ghyat {Clar +Blink rElec rC- Str+3 Int+7}
Stlth  ++++++....               R - ring "Cueblust" {rElec rF+ MP+9}
                                B - ring of protection from cold {rC+, !d}

@: very quick, very resistant to hostile enchantments, very stealthy
A: unfitting armour, rough black scales 1, see invisible, herbivore 3, speed 3,
slow metabolism 2, evolution 1
a: Burn Spellbooks, Berserk, Trog's Hand, Brothers in Arms, Renounce Religion,
Evoke Blink, Evoke Invisibility


You were on level 3 of the Elven Halls.
You worshipped Trog.
Trog was exalted by your worship.
You were full.

You visited 6 branches of the dungeon, and saw 32 of its levels.
You also visited: Labyrinth and Volcano.

You collected 3915 gold pieces.
You spent 3003 gold pieces at shops.

Inventory:

Hand weapons
 K - the +4 broad axe of Death's Door {freeze, MR- Str+4}
   (Trog gifted it to you on level 2 of the Elven Halls)

   It has been specially enchanted to freeze those struck by it, causing extra
   injury to most foes and up to half again as much damage against particularly
   susceptible opponents.
   It can also slow down cold-blooded creatures.
   It affects your strength (+4).
   It affects your resistance to hostile enchantments.
 L - a +6 antimagic quick blade
   (Trog gifted it to you on level 11 of the Dungeon)
 O - a +5 blowgun
   (You took it off Sonja on level 15 of the Dungeon)
 Q - a +9 antimagic war axe (weapon)
   (Trog gifted it to you on level 7 of the Lair of Beasts)
 Z - the +10 dagger of Extremism {vamp, Dex+6, unknown}
   (Trog gifted it to you on level 14 of the Dungeon)

   It inflicts no extra harm, but heals its wielder somewhat when it strikes a
   living foe.
   It affects your dexterity (+6).
Missiles
 l - 17 poisoned needles
 p - 5 throwing nets {=f, !d}
 x - 9 curare-tipped needles
Armour
 h - the +9 shadow dragon armour "Uwiavale" (worn) {rC+ rN++ Str+2 Slay+3 Stlth++++, Stlth++++}
   (You found it in a labyrinth)

   It affects your strength (+2).
   It affects your accuracy and damage with ranged weapons and melee attacks
   (+3).
   It protects you from cold.
   It greatly protects you from negative energy.
   It makes you much more stealthy.
 m - a +2 cloak of invisibility (worn)
   (You took it off Maurice on level 10 of the Dungeon)
 C - a +1 hat of intelligence (worn)
   (You took it off Gastronok on level 3 of the Lair of Beasts)
Rods
 I - a +2 rod of shadows (13/13)
   (You found it in a labyrinth)
 J - a +6 rod of clouds (10/10) {!a}
   (You found it on level 7 of the Lair of Beasts)
Jewellery
 e - an uncursed amulet of regeneration {+regen, !d}
   (You found it on level 3 of the Elven Halls)
 t - the amulet of Ghyat (around neck) {Clar +Blink rElec rC- Str+3 Int+7}
   (You bought it in a shop on level 4 of the Orcish Mines)

   [amulet of clarity]

   It provides mental clarity.
   It affects your strength (+3).
   It affects your intelligence (+7).
   It makes you vulnerable to cold.
   It insulates you from electricity.
   It lets you blink.
 B - a ring of protection from cold (left hand) {rC+, !d}
   (You found it on level 7 of the Lair of Beasts)
 F - an uncursed amulet of resist mutation {rMut, !d}
   (You found it on level 12 of the Dungeon)
 R - the ring "Cueblust" (right hand) {rElec rF+ MP+9}
   (You found it on level 7 of the Lair of Beasts)

   [ring of protection from fire]

   It protects you from fire.
   It insulates you from electricity.
   It affects your magic capacity (+9).
 S - an uncursed amulet of resist corrosion {rCorr, !d}
   (You bought it in a shop on level 4 of the Orcish Mines)
Magical devices
 a - a wand of hasting (2)
   (You found it on level 6 of the Lair of Beasts)
 d - a wand of paralysis (14)
   (You found it on level 3 of the Elven Halls)
 r - a wand of digging (17)
   (You found it on level 2 of the Dungeon)
 y - a wand of disintegration (14)
   (You found it on level 12 of the Dungeon)
 U - a wand of paralysis (9)
   (You found it on level 5 of the Lair of Beasts)
 W - a wand of enslavement (3)
   (You found it on level 3 of the Lair of Beasts)
Scrolls
 b - 8 scrolls of blinking {!r}
 c - 10 scrolls of remove curse
 j - a scroll of immolation {!r}
 k - 10 scrolls of teleportation
 n - a scroll of enchant weapon
 u - 5 scrolls of recharging
 D - 3 scrolls of fog
 M - 2 scrolls of fear
 Y - 2 scrolls of silence
Potions
 f - 3 potions of magic
 g - 14 potions of curing
 i - 4 potions of cancellation
 s - 2 potions of haste
 w - 4 potions of cure mutation {!q}
 z - 4 potions of restore abilities
 A - 3 potions of agility
 E - a potion of lignification {!q}
 G - a potion of might
 H - 2 potions of resistance
 N - a potion of heal wounds
 P - 3 potions of berserk rage {!q}
 X - 3 potions of invisibility
Books
 o - a book of the Warp
   (You found it on level 3 of the Elven Halls)
Miscellaneous
 v - a sack of spiders {used: 5}
   (You found it on level 1 of the Elven Halls)
 T - a phial of floods
   (You found it on level 1 of the Lair of Beasts)
Comestibles
 q - 12 bread rations {@e1}


   Skills:
 + Level 10.9 Fighting
 * Level 12.0 Axes
 - Level 11.7 Armour
 - Level 16.5 Dodging
 - Level 10.2 Stealth
 - Level 18.0 Evocations


You had 15 spell levels left.
You didn't know any spells.

Dungeon Overview and Level Annotations

Branches:
Dungeon (15/15)            Temple (0/1) D:5            Lair (8/8) D:8
 Shoals (1/5) Lair:6        Snake (1/5) Lair:6        Slime (0/6) Lair:7
    Orc (4/4) D:11            Elf (3/3) Orc:3        Vaults (0/5) D:14
 Depths (0/5) D:15

Altars:
Fedhas
Gozag
Nemelex Xobeh
Okawaru
Qazlal
Ru
Sif Muna
Trog
Vehumet
Yredelemnul
Beogh

Shops:
D:6 (   D:9 %*(}   Orc:1 }   Orc:2 }   Orc:4 [(*=   Elf:1 ([   Elf:3 (

Annotations:
D:2 exclusion: oklob plant


Innate Abilities, Weirdness & Mutations

You are tiny and cannot use many weapons and most armour.
You have supernaturally acute eyesight.
You are a herbivore.
You cover ground extremely quickly.
You need consume almost no food.
You are partially covered in rough black scales (AC +4, Dex -1).
You evolve.


Message History

You start resting.
You regained 24 hp, and now have 80/86 hp.
Wield which item (- for none, * to show all)? (? for menu, Esc to quit)
You feel magic returning to you.
x - 10 curare-tipped needles (in hand) Wield which item (- for none, * to show all)? (? for menu, Esc to quit)
O - a +5 blowgun (weapon)
A deep elf high priest and a deep elf demonologist come into view.
The deep elf demonologist shouts!
You start resting.
Aim: a deep elf demonologist, wielding an enchanted long sword and wearing a chain mail You shoot a poisoned needle.
The poisoned needle hits the deep elf demonologist!
The deep elf demonologist is poisoned.
Aim: a deep elf demonologist, wielding an enchanted long sword and wearing a chain mail (lightly wounded, poisoned)
You shoot a poisoned needle.
The poisoned needle hits the deep elf demonologist!
The deep elf demonologist looks even sicker.
Health restored: 86
Aim: a deep elf demonologist, wielding an enchanted long sword and wearing a chain mail (lightly wounded, poisoned)
You shoot a poisoned needle.
The poisoned needle hits the deep elf demonologist!
Things that are here:
a long sword; a scale mail Wield which item (- for none, * to show all)? (? for menu, Esc to quit)
You feel magic leave you.
Q - a +9 antimagic war axe (weapon)
You now have 15/15 mp.
You start waiting.
The deep elf demonologist completely misses you.
Things that are here:
a long sword; a scale mail You slice the deep elf demonologist!!
The deep elf demonologist's magic leaks into the air.
The deep elf demonologist misses you.
You slice the deep elf demonologist!!
You kill the deep elf demonologist!
Trog accepts your kill.
Trog appreciates your killing of a magic user.
Your Axes skill increases to level 12!
Things that are here:
an enchanted long sword; a chain mail A deep elf master archer comes into view.
A deep elf master archer is nearby!
A deep elf master archer is nearby!
Wield which item (- for none, * to show all)? (? for menu, Esc to quit)
You feel magic returning to you.
O - a +5 blowgun (weapon)
Quivering
x - 10 curare-tipped needles for blowguns.
Aim: a deep elf master archer, wearing a leather armour (hasn't noticed you)
You shoot a curare-tipped needle. The deep elf master archer shouts!
The curare-tipped needle hits the deep elf master archer.
The deep elf master archer is poisoned.
The deep elf master archer convulses.
The deep elf master archer seems to slow down.
The deep elf master archer wields a longbow.
The deep elf master archer shoots an arrow of frost.
The arrow of frost completely misses you.
Things that are here:
an enchanted long sword; a chain mail
Things that are here:
a long sword; a scale mail You start resting.
You regained 7 mp, and now have 23/46 mp.
Wield which item (- for none, * to show all)? (? for menu, Esc to quit)
You feel magic leave you.
Q - a +9 antimagic war axe (weapon)
The deep elf master archer shouts!
The deep elf master archer shoots an arrow of frost.
The arrow of frost closely misses you.
You now have 15/15 mp.
The deep elf master archer shoots an arrow of frost.
The arrow of frost hits you! The arrow of frost freezes you.
Things that are here:
an arrow of frost; a long sword; a scale mail You take 14 damage, and have 72/86 hp.
You hit the deep elf master archer but do no damage.
The deep elf master archer shoots an arrow of frost.
The arrow of frost misses you.
You slice the deep elf master archer!!
The deep elf master archer shoots an arrow of frost.
The arrow of frost hits you! The arrow of frost freezes you.
The deep elf master archer shoots an arrow of frost.
The arrow of frost barely misses you.
You take 21 damage, and have 51/86 hp.
MASSIVE DAMAGE!!
You're too hungry to go berserk.
Eat which item? (? for menu, Esc to quit)
The deep elf master archer shoots an arrow of frost.
The arrow of frost misses you.
You continue eating.
The deep elf master archer shoots an arrow of frost.
The arrow of frost hits you!! The arrow of frost freezes you.
* * * LOW HITPOINT WARNING * * *
The deep elf master archer shoots an arrow of frost.
The arrow of frost hits you but does no damage.
You continue eating.
The deep elf master archer shoots an arrow of frost.
The arrow of frost hits you!!
You die...

#.....(.....#
#...........#
#.........".#
###.......### ##.....##
###(### #.#
#################e# ####
## ................@.#
#..# #.
..%.#''######('####
#..######.
....+..######..###
#.........
...##....).......#
#...###...
..####........##.# ###.#
#..# .## #######+###.#
#)# #..# .##
#.....##.#########.# #..#
..#
#......#.##........###..#
..#
#......#...........))....


You could see a deep elf master archer.

Vanquished Creatures
  Kirke (D:14)
  Gastronok (Lair:3)
  2 deep elf demonologists (Elf:3)
  A red draconian (Volcano)
  The ghost of Typee the Eclecticist, a powerful DEWz of Kikubaaqudgha (Elf:1)
  A fire dragon (D:14)
  2 deep elf high priests
  Fannar (Lair:4)
  7 hydras
  12 dancing weapons (Elf:2)
  A death yak (Lair:7)
  2 tengu warriors (D:14)
  A centaur warrior (D:15)
  A soul eater (Elf:3)
  3 sea snakes (Shoals:1)
  13 deep elf knights
  A wizard (D:15)
  An unseen horror (shapeshifter) (D:14)
  3 unseen horrors
  An ice statue (D:12)
  A harpy (Shoals:1)
  3 deep elf summoners
  A necromancer (D:15)
  3 orc sorcerers
  4 lindwurms (Lair:7)
  11 deep elf conjurers
  2 orc knights (D:15)
  3 hill giants
  2 griffons
  7 ugly things
  3 elephants (Lair:4)
  3 cyclopes
  A manticore (D:15)
  2 molten gargoyles (Volcano)
  10 black mambas
  Maurice (D:10)
  A siren (Shoals:1)
  A sixfirhy (D:15)
  Joseph (Lair:1)
  9 spiny frogs
  5 gargoyles
  A guardian serpent (shapeshifter) (Lair:7)
  2 kobold demonologists (D:15)
  A yaktaur (shapeshifter) (D:14)
  3 fire drakes
  4 red devils (Elf:2)
  6 centaur skeletons
  8 komodo dragons
  A demonic crawler (Elf:2)
  An elf (shapeshifter) (D:13)
  14 deep elf priests
  4 trolls
  A queen bee (D:11)
  2 two-headed ogres
  A jumping spider (Elf:2)
  Sonja (D:15)
  3 polar bears
  9 slime creatures
  A boulder beetle (Lair:5)
  A snapping turtle (Lair:6)
  A baby alligator (shapeshifter) (D:14)
  3 ravens
  2 trapdoor spider zombies (D:12)
  2 wolf spider simulacra (D:15)
  19 blink frogs
  3 basilisks
  A shadow (D:13)
  35 yaks
  22 deep elf magi
  6 spriggans (Lair:6)
  A wraith (D:11)
  A water elemental (Shoals:1)
  A vampire (D:15)
  3 hungry ghosts
  Eustachio (D:4)
  7 hogs (D:14)
  7 vampire mosquitoes
  18 deep elf fighters
  18 wolves
  9 hippogriffs
  4 wyverns
  7 humans (D:10)
  3 mottled dragons
  A neqoxec (Elf:1)
  A soldier ant (shapeshifter) (D:14)
  3 wargs
  3 black bears
  6 sky beasts
  12 porcupines
  Purgy (D:4)
  A swamp drake (D:8)
  2 wasps
  8 ice beasts
  11 centaurs
  14 water moccasins
  7 phantoms
  19 orc warriors
  2 eyes of draining (D:8)
  16 ogres
  3 big kobolds
  7 crocodiles
  Duvessa (D:7)
  A brain worm (D:13)
  A gnoll sergeant (D:4)
  16 giant frogs
  36 killer bees
  6 scorpions
  5 wights (D:11)
  A goliath beetle (D:7)
  A quasit (D:11)
  6 electric eels
  8 crimson imps
  A lava snake (Volcano)
  Dowan (D:7)
  16 jellies
  A giant frog skeleton (D:11)
  21 hounds
  15 orc priests
  34 orc wizards
  9 iguanas
  9 worker ants
  12 sheep
  Jessica (D:10)
  2 human simulacra (D:14)
  2 mummies
  2 hound skeletons
  28 adders
  13 gnolls
  48 river rats
  A giant mite (D:1)
  2 shadow imps (D:11)
  2 worms
  An orc zombie (D:11)
  2 adder skeletons
  4 giant geckos
  An ooze (D:3)
  166 orcs
  A bat skeleton (D:4)
  5 giant cockroaches
  28 hobgoblins
  23 jackals
  10 quokkas
  2 ball pythons (Lair:6)
  14 bats
  3 giant newts
  24 goblins
  21 kobolds
  18 rats
  2 crawling corpses (Elf:2)
  5 fungi
  3 plants
1120 creatures vanquished.

Vanquished Creatures (collateral kills)
  An orc warlord (Orc:4)
  A minotaur (Lab)
  The ghost of Britaniac the Arsonist, a powerful HEFE of Vehumet (Lab)
  4 dancing weapons (Elf:2)
  5 death yaks (Lair:7)
  An orc high priest (Orc:4)
  2 tengu warriors (D:14)
  3 deep elf knights (Elf:2)
  A harpy (Shoals:1)
  3 orc knights (Orc:4)
  2 orc sorcerers (Orc:4)
  4 ugly things (D:14)
  A deep elf conjurer (Elf:2)
  A salamander (shapeshifter) (D:14)
  5 slime creatures
  3 elephants (Lair:4)
  A black mamba (Lair:7)
  A spriggan druid (Lair:5)
  2 deep elf priests (Elf:2)
  2 trolls (Orc:4)
  2 polar bears (Lair:5)
  3 ravens (D:14)
  4 blink frogs (Lair:4)
  A basilisk (Lair:4)
  2 deep elf magi
  2 deep elf fighters (Elf:2)
  A warg (Orc:4)
  A vampire mosquito (D:14)
  11 orc warriors
  A water moccasin (Lair:4)
  A phantom (D:9)
  2 ogres (Orc:4)
  A centaur (D:14)
  2 crocodiles (Lair:7)
  A giant frog (D:9)
  A troll zombie (Orc:4)
  2 jellies (Lair:7)
  4 orc priests (Orc:4)
  4 orc wizards (Orc:4)
  An ogre zombie (Orc:4)
  2 adders
  2 orcs (Orc:4)
  A kobold (D:9)
  2 orc zombies (Orc:4)
  A crawling corpse (Elf:2)
  A fungus (Lair:1)
100 creatures vanquished.

Vanquished Creatures (others)
  A hill giant (Volcano)
  3 orb spiders (Elf:2)
  9 water elementals
  A troll (Volcano)
  A jumping spider (Elf:2)
  5 redbacks (Elf:2)
  A mottled dragon (D:15)
  A hound (Lair:4)
  A kobold (D:4)
  A bush (Lair:7)
  17 fungi
  11 plants
52 creatures vanquished.

Grand Total: 1272 creatures vanquished

Notes
Turn   | Place    | Note
--------------------------------------------------------------
     0 | D:1      | kroki, the Spriggan Berserker, began the quest for the Orb.
     0 | D:1      | Reached XP level 1. HP: 11/11 MP: 2/2
   172 | D:1      | HP: 2/11 [kobold (4)]
   598 | D:1      | Reached XP level 2. HP: 10/16 MP: 4/4
   707 | D:1      | Reached skill level 3 in Axes
  1214 | D:1      | Reached XP level 3. HP: 9/19 MP: 6/6
  1218 | D:1      | HP: 7/28 [poisoned by a worker ant]
  1223 | D:1      | HP: 3/19 [poisoned by a worker ant]
  1230 | D:1      | HP: 2/19 [poisoned by a worker ant]
  1661 | D:1      | Acquired Trog's second power
  1887 | D:2      | Reached skill level 4 in Axes
  2187 | D:1      | Reached XP level 4. HP: 9/23 MP: 8/8
  2208 | D:1      | HP: 5/23 [rat (3)]
  2501 | D:2      | Found an iron altar of Okawaru.
  3060 | D:2      | Found a blossoming altar of Fedhas.
  3072 | D:2      | Noticed an oklob plant
  3632 | D:3      | Reached XP level 5. HP: 17/27 MP: 10/10
  3846 | D:4      | Reached skill level 5 in Axes
  3884 | D:4      | Noticed Purgy
  3935 | D:4      | Killed Purgy
  3935 | D:4      | Reached skill level 4 in Dodging
  3935 | D:4      | Reached XP level 6. HP: 32/32 MP: 12/12
  4068 | D:4      | Reached skill level 5 in Dodging
  4072 | D:4      | HP: 8/32 [poisoned by a worker ant]
  4495 | D:4      | Noticed Eustachio
  4506 | D:4      | Killed Eustachio
  4506 | D:4      | Reached skill level 3 in Fighting
  4506 | D:4      | Reached skill level 6 in Dodging
  4506 | D:4      | Reached XP level 7. HP: 30/36 MP: 14/14
  4925 | D:4      | Acquired Trog's third power
  5059 | D:4      | Found a stormy altar of Qazlal.
  5226 | D:4      | Found a deep blue altar of Sif Muna.
  5253 | D:4      | Reached skill level 7 in Dodging
  5254 | D:4      | HP: 8/36 [gnoll/whip (10)]
  5705 | D:5      | Entered Level 5 of the Dungeon
  5953 | D:5      | Found a radiant altar of Vehumet.
  6109 | D:5      | Reached skill level 8 in Dodging
  6148 | D:5      | Found a bloodstained altar of Trog.
  6167 | D:5      | Reached XP level 8. HP: 37/42 MP: 16/16
  6239 | D:5      | Found a staircase to the Ecumenical Temple.
  6421 | D:6      | Reached skill level 6 in Axes
  6478 | D:6      | HP: 15/63 [centaur (4)]
  6479 | D:6      | Reached skill level 4 in Fighting
  6484 | D:6      | HP: 15/63 [kobold/stone (1)]
  6485 | D:6      | Reached skill level 9 in Dodging
  6862 | D:6      | Found Klaexkia's Weapon Boutique.
  6878 | D:6      | Reached skill level 10 in Dodging
  7892 | D:7      | Noticed Dowan
  7894 | D:7      | Noticed Duvessa
  7903 | D:7      | Killed Dowan
  7969 | D:7      | Killed Duvessa
  8062 | D:7      | Reached skill level 1 in Stealth
  8071 | D:7      | Reached skill level 11 in Dodging
  8071 | D:7      | Reached XP level 9. HP: 41/46 MP: 18/18
  8112 | D:7      | Received a gift from Trog
  8114 | D:7      | Reached skill level 2 in Stealth
  8219 | D:7      | Reached skill level 5 in Fighting
  8298 | D:7      | Found a basalt altar of Yredelemnul.
  8432 | D:7      | Reached skill level 3 in Stealth
  8510 | D:7      | Found an opulent altar of Gozag.
  9555 | D:8      | Found a staircase to the Lair.
  9746 | D:8      | Reached skill level 4 in Stealth
  9815 | D:8      | Reached skill level 7 in Axes
  9815 | D:8      | Reached skill level 12 in Dodging
  9851 | D:8      | HP: 11/47 [electric eel/bolt of electricity (13)]
  9851 | D:8      | HP: 3/47 [electric eel/bolt of electricity (8)]
  9921 | D:8      | HP: 10/47 [scorpion (1)]
  9937 | D:8      | HP: 9/47 [hound (3)]
 10478 | D:8      | Reached skill level 5 in Stealth
 11645 | D:8      | Reached XP level 10. HP: 53/53 MP: 19/19
 11695 | D:8      | Reached skill level 13 in Dodging
 11794 | D:8      | Received a gift from Trog
 11807 | D:8      | Reached skill level 6 in Stealth
 11910 | D:8      | Reached skill level 6 in Fighting
 12557 | D:9      | Found a sparkling altar of Nemelex Xobeh.
 12585 | D:9      | Received a gift from Trog
 12595 | D:9      | Found Namitt's Distillery.
 12643 | D:9      | Bought 2 potions of curing for 72 gold pieces
 12745 | D:9      | Found Fecius' Food Emporium.
 12748 | D:9      | Bought a bread ration for 65 gold pieces
 12748 | D:9      | Bought a bread ration for 65 gold pieces
 12748 | D:9      | Bought a bread ration for 65 gold pieces
 12748 | D:9      | Bought a bread ration for 65 gold pieces
 12748 | D:9      | Bought a bread ration for 65 gold pieces
 12891 | D:9      | Found Kaghylat's Assorted Antiques.
 12905 | D:9      | Bought a scroll labeled SHROAN GHIAHIUCS for 26 gold pieces
 12946 | D:9      | Reached skill level 7 in Stealth
 13419 | D:9      | Found Untanemo's Weapon Shop.
 13530 | D:9      | Reached skill level 14 in Dodging
 13760 | D:9      | Found Braito's Gadget Boutique.
 13793 | D:10     | Entered Level 10 of the Dungeon
 13851 | D:10     | Noticed Maurice
 13874 | D:10     | Killed Maurice
 13889 | D:10     | Reached skill level 8 in Stealth
 14066 | D:10     | Noticed Jessica
 14077 | D:10     | Reached skill level 1 in Evocations
 14103 | D:10     | Reached skill level 2 in Evocations
 14111 | D:10     | Reached skill level 8 in Axes
 14123 | D:10     | Reached skill level 3 in Evocations
 14214 | D:10     | Killed Jessica
 14260 | D:10     | Received a gift from Trog
 14311 | D:10     | Reached XP level 11. HP: 58/58 MP: 23/23
 14325 | D:10     | Got a crystal war axe {god gift}
 14326 | D:10     | Identified the +0 war axe of Siliro {chop, rF+ Str+2 Int-5 Dex+3} (Trog gifted it to you on level 10 of the Dungeon)
 14704 | D:10     | Reached skill level 4 in Evocations
 14959 | D:10     | Noticed a hill giant
 15017 | D:10     | Killed a hill giant
 15131 | D:10     | Reached skill level 15 in Dodging
 15187 | D:10     | Reached skill level 5 in Evocations
 15193 | D:10     | Reached skill level 7 in Fighting
 16254 | D:11     | Received a gift from Trog
 16844 | D:11     | Noticed a four-headed hydra
 16914 | D:11     | Killed a four-headed hydra
 16914 | D:11     | Reached skill level 9 in Stealth
 17009 | D:11     | Noticed an unseen horror
 17071 | D:11     | Killed an unseen horror
 17270 | D:11     | Received a gift from Trog
 17299 | D:11     | Reached skill level 9 in Axes
 17710 | D:11     | Found a staircase to the Orcish Mines.
 17760 | D:11     | Reached skill level 10 in Stealth
 17882 | D:11     | Reached skill level 16 in Dodging
 18046 | Orc:1    | Entered Level 1 of the Orcish Mines
 18356 | Lair:1   | Entered Level 1 of the Lair of Beasts
 18412 | Lair:1   | Reached skill level 8 in Fighting
 18691 | Lair:1   | Reached XP level 12. HP: 64/64 MP: 26/26
 18699 | Lair:1   | Noticed Joseph
 18750 | Lair:1   | Killed Joseph
 18820 | Lair:1   | Noticed an eight-headed hydra
 18826 | Lair:1   | Got a ripped robe
 18827 | Lair:1   | Identified the cursed -5 robe of Misfortune {-Cast Contam *Tele EV-4 Str-2 Int-2 Dex-2 Stlth-- Curse} (You found it on level 1 of the Lair of Beasts)
 18837 | Lair:1   | Killed an eight-headed hydra
 18837 | Lair:1   | Reached skill level 6 in Evocations
 19328 | Lair:2   | Found a dark tunnel.
 19357 | Volcano  | Entered a volcano
 19807 | Volcano  | Found a bloodstained altar of Trog.
 19807 | Volcano  | Noticed a red draconian
 19838 | Volcano  | Killed a red draconian
 20377 | Lair:2   | Reached skill level 7 in Evocations
 21024 | Lair:2   | Noticed a four-headed hydra
 21032 | Lair:2   | Reached skill level 8 in Evocations
 21637 | Lair:2   | Received a gift from Trog
 21798 | Lair:3   | Reached skill level 9 in Evocations
 21803 | Lair:3   | Reached skill level 9 in Fighting
 21975 | Lair:3   | Reached skill level 10 in Axes
 22391 | Lair:3   | Received a gift from Trog
 22661 | Lair:3   | Noticed an eight-headed hydra
 22669 | Lair:3   | Killed a four-headed hydra
 22824 | Lair:3   | Noticed Gastronok
 22924 | Lair:3   | Killed Gastronok
 22924 | Lair:3   | Reached skill level 10 in Evocations
 23454 | Lair:3   | Reached XP level 13. HP: 59/70 MP: 30/30
 24330 | Lair:4   | Received a gift from Trog
 24859 | Lair:4   | Reached skill level 10 in Fighting
 24907 | Lair:4   | Noticed Fannar
 24977 | Lair:4   | Reached skill level 11 in Axes
 24994 | Lair:4   | Killed Fannar
 25437 | Lair:4   | HP: 15/72 [blink frog (20)]
 26028 | Lair:5   | Received a gift from Trog
 26510 | Lair:5   | Reached skill level 11 in Evocations
 26965 | Lair:5   | Received a gift from Trog
 27162 | Lair:6   | Found a labyrinth entrance.
 27171 | Lab      | Entered a labyrinth
 27548 | Lab      | Noticed Britaniac's ghost (powerful HEFE)
 27570 | Lab      | Killed Britaniac's ghost
 27570 | Lab      | Reached skill level 12 in Evocations
 27874 | Lab      | Turgon: What's up?
 27874 | Lab      | kroki: nothing
 27874 | Lab      | Turgon: there we are!
 27874 | Lab      | kroki: finally got mino
 27929 | Lab      | kroki: i wonder if it stays at such hunger
 27975 | Lab      | Turgon: I don't think so
 27975 | Lab      | kroki: hah
 27976 | Lab      | Turgon: As bart said, it depends on evo
 27978 | Lab      | Got a shimmering shadow dragon armour {Stlth++++}
 27989 | Lab      | Identified the +9 shadow dragon armour "Uwiavale" {rC+ rN++ Str+2 Slay+3 Stlth++++, Stlth++++} (You found it in a labyrinth)
 27989 | Lab      | kroki: lol
 27989 | Lab      | kroki: top stealh
 27989 | Lab      | kroki: now this is spriggan ac
 27989 | Lab      | Turgon: Rename that armour to "StabThemAll"
 27990 | Lab      | Identified a +5 lightning rod (9/9) (You took it off a minotaur in a labyrinth)
 27991 | Lab      | Identified a +2 rod of shadows (13/13) (You found it in a labyrinth)
 27993 | Lab      | kroki: i am true to the axe
 28233 | Lair:6   | Found a staircase to the Snake Pit.
 28271 | Lair:6   | Reached skill level 13 in Evocations
 28376 | Lair:6   | Received a gift from Trog
 28734 | Lair:6   | Found a staircase to the Shoals.
 28750 | Lair:6   | Reached XP level 14. HP: 65/77 MP: 15/33
 29137 | Snake:1  | Entered Level 1 of the Snake Pit
 29175 | Lair:7   | Reached skill level 14 in Evocations
 29236 | Lair:7   | HP: 19/77 [poisoned by a spiny frog]
 29475 | Lair:7   | Found a staircase to the Slime Pits.
 29592 | Lair:7   | HP: 19/77 [griffon (2)]
 29842 | Lair:7   | Received a gift from Trog
 30034 | Lair:7   | Reached skill level 15 in Evocations
 30931 | Lair:7   | Got a wavering amber ring
 30935 | Lair:7   | Identified the ring "Cueblust" {rElec rF+ MP+9} (You found it on level 7 of the Lair of Beasts)
 30949 | Lair:8   | Entered Level 8 of the Lair of Beasts
 30989 | Lair:8   | Found an iron altar of Okawaru.
 31154 | Lair:7   | Reached skill level 16 in Evocations
 31839 | Orc:1    | Received a gift from Trog
 32269 | Orc:2    | Found Pruo's Gadget Emporium.
 32672 | Orc:3    | Reached skill level 17 in Evocations
 32732 | Orc:3    | Found a staircase to the Elven Halls.
 32823 | Orc:3    | Received a gift from Trog
 33331 | Orc:1    | Found Ukagul's Gadget Shop.
 33658 | Orc:2    | Received a gift from Trog
 33707 | Orc:2    | Got a faintly glowing war axe {god gift}
 33708 | Orc:2    | Identified the -1 war axe "Sissyfonn" {flame, rPois rN+ MR- Str+3 Dex+3} (Trog gifted it to you on level 2 of the Orcish Mines)
 33831 | Orc:4    | Entered Level 4 of the Orcish Mines
 33958 | Orc:4    | Found a roughly hewn altar of Beogh.
 33963 | Orc:4    | Noticed an orc warlord
 33973 | Orc:4    | Killed an orc warlord
 33986 | Orc:4    | HP: 15/77 [orc warrior/broad axe (10)]
 33987 | Orc:4    | HP: 1/77 [orc knight/long sword (14)]
 33990 | Orc:4    | Found Clolleil's General Store.
 34042 | Orc:4    | Found Acaw Ani's Jewellery Shoppe.
 34064 | Orc:4    | Received a gift from Trog
 34096 | Orc:4    | Found Bacesh's Antique Weapon Shoppe.
 34139 | Orc:4    | Reached skill level 18 in Evocations
 34288 | Orc:4    | Bought a bread ration for 75 gold pieces
 34297 | Orc:4    | Found Traorami's Antique Armour Shoppe.
 35086 | D:9      | Bought a potion of magic for 208 gold pieces
 35086 | D:9      | Bought 2 potions of curing for 156 gold pieces
 35086 | D:9      | Bought a yellow potion for 23 gold pieces
 35086 | D:9      | Bought a potion of heal wounds for 130 gold pieces
 35086 | D:9      | Bought 2 potions of poison for 52 gold pieces
 35086 | D:9      | Bought a potion of curing for 78 gold pieces
 35120 | D:9      | Bought a potion of agility for 48 gold pieces
 35120 | D:9      | Bought a potion of invisibility for 96 gold pieces
 35120 | D:9      | Bought a potion of resistance for 120 gold pieces
 35120 | D:9      | Bought a potion of haste for 120 gold pieces
 35120 | D:9      | Bought a potion of invisibility for 96 gold pieces
 35120 | D:9      | Bought a potion of cancellation for 96 gold pieces
 35382 | Orc:4    | Bought a scroll of enchant weapon for 112 gold pieces
 35644 | D:12     | Reached skill level 2 in Armour
 35818 | D:12     | Received a gift from Trog
 35820 | D:12     | Reached skill level 3 in Armour
 36452 | Orc:4    | Bought a potion of flight for 45 gold pieces
 36631 | Orc:4    | Identified a +6 rod of clouds (10/10) (You found it on level 7 of the Lair of Beasts)
 36853 | D:12     | Reached skill level 4 in Armour
 37886 | D:14     | Noticed Kirke
 37894 | D:14     | Received a gift from Trog
 37899 | D:14     | Reached skill level 5 in Armour
 37901 | D:14     | Killed Kirke
 37901 | D:14     | Reached XP level 15. HP: 81/81 MP: 15/36
 37926 | D:14     | Got an ebony dagger {god gift}
 37958 | D:14     | Found a sacrificial altar of Ru.
 38025 | D:14     | Reached skill level 6 in Armour
 38344 | D:14     | Received a gift from Trog
 38481 | D:14     | Reached skill level 7 in Armour
 39069 | D:14     | Found a gate to the Vaults.
 39308 | D:15     | Entered Level 15 of the Dungeon
 39376 | D:15     | Received a gift from Trog
 39396 | D:15     | Reached skill level 8 in Armour
 40602 | D:15     | Noticed Sonja
 40620 | D:15     | Killed Sonja
 40627 | D:15     | Gained mutation: You are frail (-10% HP). [potion of mutation]
 40627 | D:15     | Gained mutation: You are agile. (Dex +2) [potion of mutation]
 40627 | D:15     | Gained mutation: You have a pair of small antennae on your head. [potion of mutation]
 40628 | D:15     | Lost mutation: You are frail (-10% HP). [potion of cure mutation]
 40628 | D:15     | Lost mutation: You have a pair of small antennae on your head. [potion of cure mutation]
 40628 | D:15     | Lost mutation: You are agile. (Dex +2) [potion of cure mutation]
 40629 | D:15     | Gained mutation: You are partially covered in rough black scales (AC +4, Dex -1). [potion of mutation]
 40629 | D:15     | Gained mutation: Your flesh is cold resistant. [potion of mutation]
 40629 | D:15     | Lost mutation: Your flesh is cold resistant. [potion of mutation]
 40787 | D:15     | Found a staircase to the Depths.
 40802 | D:15     | Reached skill level 9 in Armour
 41288 | Orc:4    | Bought an uncursed amulet of resist corrosion for 300 gold pieces
 41288 | Orc:4    | Bought the amulet of Ghyat {Clar +Blink rElec rC- Str+3 Int+7} for 825 gold pieces
 41761 | Shoals:1 | Entered Level 1 of the Shoals
 41889 | Shoals:1 | HP: 20/81 [poisoned by a sea snake]
 41894 | Shoals:1 | HP: 12/81 [poisoned by a sea snake]
 41894 | Shoals:1 | HP: 4/81 [harpy (8)]
 41899 | Shoals:1 | HP: 17/81 [poisoned by a sea snake]
 41904 | Shoals:1 | HP: 12/81 [poisoned by a sea snake]
 41919 | Shoals:1 | HP: 12/81 [merfolk aquamancer/great wave of water (16)]
 41921 | Shoals:1 | HP: 5/81 [poisoned by a sea snake]
 41923 | Shoals:1 | HP: 1/81 [poisoned by a sea snake]
 42684 | Elf:1    | Entered Level 1 of the Elven Halls
 42835 | Elf:1    | HP: 28/121 [deep elf priest/a malign offering (6)]
 43167 | Elf:1    | Found a deep blue altar of Sif Muna.
 43232 | Elf:1    | Reached skill level 10 in Armour
 43709 | Elf:1    | Found Cubaf's Antique Armour Shop.
 43806 | Elf:1    | Found Triatt's Antique Weapon Shop.
 43980 | Elf:1    | Noticed Typee's ghost (powerful DEWz)
 43993 | Elf:1    | Killed Typee's ghost
 44130 | Elf:2    | Gained mutation: You evolve. [potion of beneficial mutation]
 44254 | Elf:2    | Reached XP level 16. HP: 79/86 MP: 15/37
 44519 | Elf:2    | Received a gift from Trog
 44524 | Elf:2    | Got a crystal broad axe {god gift}
 44525 | Elf:2    | Identified the +4 broad axe of Death's Door {freeze, MR- Str+4} (Trog gifted it to you on level 2 of the Elven Halls)
 44573 | Elf:2    | Found a huge runed gate.
 44573 | Elf:2    | Found a huge runed gate.
 44573 | Elf:2    | Found a huge runed gate.
 44574 | Elf:2    | Found a huge runed gate.
 44589 | Elf:2    | Found a huge runed gate.
 44917 | Elf:2    | Reached skill level 11 in Armour
 45794 | Elf:2    | HP: 21/86 [poisoned by a lajatang of venom]
 45799 | Elf:2    | HP: 18/86 [poisoned by a lajatang of venom]
 45804 | Elf:2    | HP: 17/86 [poisoned by a lajatang of venom]
 45809 | Elf:2    | HP: 16/86 [poisoned by a lajatang of venom]
 45816 | Elf:2    | HP: 15/86 [poisoned by a lajatang of venom]
 45824 | Elf:2    | HP: 15/86 [poisoned by a lajatang of venom]
 46352 | Elf:3    | Entered Level 3 of the Elven Halls
 46590 | Elf:3    | Found Strugic's Weapon Emporium.
 46863 | Elf:3    | Noticed a Brimstone Fiend
 46879 | Elf:3    | Noticed a Shadow Fiend
 47030 | Elf:3    | Reached skill level 12 in Axes
 47033 | Elf:3    | Noticed a deep elf master archer
 47070 | Elf:3    | Shot with an arrow of frost by a deep elf master archer

Action                   |  1- 3 |  4- 6 |  7- 9 | 10-12 | 13-15 | 16-18 || total
-------------------------+-------+-------+-------+-------+-------+-------++-------
Melee: Hand axe          |   102 |       |       |       |       |       ||   102
       Whip              |    22 |   124 |   598 |   368 |       |       ||  1112
       Broad axe         |       |       |     4 |     5 |    47 |       ||    56
       War axe           |       |       |       |   735 |  1730 |   279 ||  2744
       Quick blade       |       |       |       |       |    30 |       ||    30
       Quarterstaff      |       |       |       |       |    15 |       ||    15
 Fire: Hunting sling     |       |    14 |    28 |       |       |       ||    42
       Blowgun           |       |       |    69 |   295 |   119 |     6 ||   489
Invok: Berserk           |     5 |     4 |     5 |     9 |     9 |     1 ||    33
       Trog's Hand       |     1 |     1 |     3 |     7 |    13 |     1 ||    26
       Burn Spellbooks   |       |       |       |     3 |     2 |       ||     5
       Brothers in Arms  |       |       |       |     3 |     9 |       ||    12
 Abil: Evoke Invisibilit |       |       |       |     1 |     3 |       ||     4
Evoke: Wand              |       |       |     2 |    21 |    28 |       ||    51
       Phial of floods   |       |       |       |     1 |     7 |     1 ||     9
       Deck              |       |       |       |       |    11 |       ||    11
       Rod               |       |       |       |       |     2 |       ||     2
       Sack of spiders   |       |       |       |       |       |     5 ||     5
  Use: Scroll            |     4 |     8 |     7 |    14 |    16 |     2 ||    51
       Potion            |       |       |     3 |       |    13 |       ||    16
 Stab: Sleeping          |     3 |     1 |     3 |    43 |    68 |    12 ||   130
       Distracted        |       |       |     4 |    11 |    15 |       ||    30
       Invisible         |       |       |       |     2 |     7 |       ||     9
       Paralysed         |       |       |       |    24 |    29 |       ||    53
       Held in net/web   |       |       |       |       |       |     1 ||     1
  Eat: Bread ration      |     1 |     1 |     2 |     1 |     3 |     1 ||     9
       Pizza             |       |       |     1 |     1 |     4 |       ||     6
       Royal jelly       |       |       |     1 |     5 |       |       ||     6
       Fruit             |       |       |     2 |     5 |    15 |       ||    22

Vault maps used:
D:1:      tarquinn_simple_flora_water_f
D:2:      wad_pebble_path, okawaru_trees_1, dk_noncrumbling_4, tgw_fedhas
D:4:      nicolae_qazlal_eye_of_the_storm, led_sif_pool, first_bread,
          lightli_minifort, uniq_purgy, uniq_eustachio
D:5:      old_standard_altar, minmay_temple_entry_poolview,
          trog_three_pillars_becter
D:6:      serial_shops, shop, serial_co_window_serial, co_window_corner_a,
          co_window_paths_a, co_window_corner_a, co_window_paths_b,
          co_window_corner_a, co_window_broadway_a, co_window_paths_c,
          co_window_unsneaky_path_d, co_window_unsneaky_path_e,
          co_window_paths_e, co_window_4corner_b, glass_columns_a
D:7:      grunt_gozag_breadcrumbs, yredelemnul_altar_generic,
          kennysheep_generic_room_9, uniq_duvessa
D:8:      erik_lair_island, serial_park, serial_park_avenue1
D:9:      nemelex_xobeh_ov_fountains_minmay, serial_shops, shop, shop_statue,
          shop, nicolae_shop_waterfront, kennysheep_mini
D:10:     erik_1, uniq_maurice
D:11:     david_orc_4, david_nohive_1
D:12:     lemuel_ice_statue
D:14:     david_vaults_4, nicolae_ru_sacrificial_ziggurat, bh_circular_ruins,
          uniq_kirke
D:15:     grunt_enter_depths_magical_seal, serial_park_tiny_pond,
          minmay_tree_intersection, uniq_sonja
Lair:1:   lemuel_fruit_tree, bh_autumn_forest_stairs, uniq_joseph
Lair:2:   beast_lair_carwin_large_1, enter_volcano_4, serial_bayou_shore_a
Lair:3:   roderic_ravens_nest, nicolae_quartered_pool_medium, uniq_gastronok
Lair:4:   grunt_megastairs_3, uniq_fannar
Lair:5:   kilobyte_rumbling_trees
Lair:6:   minmay_shoals_entry_hut, minmay_snake_entry_six_corridors,
          lab_entry_generic, wad_woods_01
Lair:7:   minmay_slime_entry_jelly_boxes, minmay_lindwurm_lava
Lair:8:   minmay_lair_end_frog_pond, basic_altar, uniq_harold
Orc:1:    serial_shops, shop
Orc:2:    serial_shops, shop
Orc:3:    nicolae_orc_pool_cavern
Orc:4:    grunt_orc_cross
Elf:1:    elf_arrival_002, serial_shops, nicolae_shop_waterfront, shop,
          kennysheep_underground_church, lemuel_statue_altar
Elf:2:    einodemon_armed_red_devil_minivault
Elf:3:    minmay_elf_hall_hex, serial_shops, nicolae_shop_stone
Volcano:  volcano_lake

Table legend:
 A = Turns spent in this place as a percentage of turns spent in the entire game.
 B = Non-inter-level travel turns spent in this place as a percentage of non-inter-level travel turns spent in the entire game.
 C = Inter-level travel turns spent in this place as a percentage of turns spent in this place.
 D = Turns resting spent in this place as a percentage of non-inter-level travel turns spent in this place.
 E = Turns spent auto-exploring this place as a percentage of non-inter-level travel turns spent in this place.
 F = Non-inter-level travel turns spent in this place divided by the number of levels of this place that you've seen.
                   A       B       C       D       E      F
               +-------+-------+-------+-------+-------+----------------------
         Total | 100.0 | 100.0 |   0.6 |   3.1 |   5.7 | 566.3
       Dungeon |  50.8 |  50.8 |   0.6 |   3.6 |   5.9 | 651.7
          Lair |  26.3 |  26.3 |   0.5 |   2.7 |   4.6 | 633.5
        Shoals |   0.7 |   0.7 |   0.0 |   2.2 |   1.5 | 137.0
     Snake Pit |   0.0 |   0.0 |   0.0 |   0.0 |   0.0 |   3.0
  Orcish Mines |   7.7 |   7.6 |   1.9 |   0.0 |  10.5 | 367.0
   Elven Halls |   9.1 |   9.2 |   0.2 |   3.4 |   7.0 | 587.7
     Labyrinth |   3.4 |   3.4 |   0.0 |   1.8 |   0.0 | 656.0
       Volcano |   2.0 |   2.0 |   0.0 |   7.0 |   1.3 | 384.0
               +-------+-------+-------+-------+-------+----------------------

Table legend:
 A = Kills in this place as a percentage of kills in entire the game.
 B = Kills by you in this place as a percentage of kills by you in the entire game.
 C = Kills by friends in this place as a percentage of kills by friends in the entire game.
 D = Other kills in this place as a percentage of other kills in the entire game.
 E = Experience gained in this place as a percentage of experience gained in the entire game.
 F = Experience gained in this place divided by the number of levels of this place that you have seen.
                   A       B       C       D       E      F
               +-------+-------+-------+-------+-------+----------------------
         Total | 100.0 | 100.0 | 100.0 | 100.0 | 100.0 | 5621.9
       Dungeon |  48.7 |  51.1 |  22.4 | 100.0 |  35.5 | 4518.7
          Lair |  25.3 |  25.5 |  23.5 |   0.0 |  29.3 | 7011.4
        Shoals |   0.6 |   0.6 |   1.0 |   0.0 |   2.1 | 4108.0
  Orcish Mines |  15.1 |  13.3 |  34.7 |   0.0 |   4.5 | 2147.0
   Elven Halls |   9.3 |   9.0 |  13.3 |   0.0 |  26.5 | 16910.3
     Labyrinth |   0.2 |   0.0 |   2.0 |   0.0 |   0.7 | 1412.0
       Volcano |   0.8 |   0.6 |   3.1 |   0.0 |   1.3 | 2436.0
               +-------+-------+-------+-------+-------+----------------------
